 Dungeon Crawl Stone Soup version 0.30-a0-748-ge6a52f7cba (webtiles) character file.

Game seed: 1747248042131266717

130 MackTheKnife the Magician (level 4, -3/24 HPs)
             Began as a Deep Elf Wanderer on Feb 8, 2023.
             Slain by Grinder (5 damage)
             ... on level 3 of the Dungeon.
             The game lasted 00:05:21 (3269 turns).

MackTheKnife the Magician (Deep Elf Wanderer)       Turns: 3269, Time: 00:05:22

Health: -3/24      AC:  5    Str:  8    XL:     4   Next: 90%
Magic:  12/12      EV: 11    Int: 22    God:
Gold:   136        SH:  0    Dex: 12    Spells: 6/11 levels left

rFire   . . .      SeeInvis .    a - +1 dagger {short}
rCold   . . .      Faith    .    (no shield)
rNeg    . . .      Spirit   .    c - +0 robe
rPois   +          Reflect  .    (no helmet)
rElec   .          Harm     .    q - +1 cloak {rPois}
rCorr   .          Rampage  .    n - +0 pair of gloves
Will    .....                    (no boots)
Stlth   ++                       (no amulet)
HPRegen 0.24/turn                f - ring of poison resistance
MPRegen 0.13/turn                (no ring)

@: weak-willed
A: no striking features
a: no special abilities


You were on level 3 of the Dungeon.
You visited 1 branch of the dungeon, and saw 3 of its levels.

You collected 136 gold pieces.


   Skills:
 - Level 1.0 Armour
 - Level 1.2 Dodging
 - Level 3.6 Stealth
 + Level 4.1 Spellcasting
 - Level 1.7 Conjurations
 + Level 1.3 Hexes
 - Level 2.4 Necromancy
 - Level 2.4 Fire Magic
 - Level 2.6 Earth Magic


You had 6 spell levels left.
You knew the following spells:

 Your Spells              Type           Power      Damage    Failure   Level
a - Sandblast             Erth           32%        2d9       3%          1
b - Foxfire               Conj/Fire      52%        2x1d6     4%          1
c - Tukima's Dance        Hex            10%        N/A       19%         3

Your spell library contained the following spells:

 Spells                   Type           Power      Damage    Failure   Level
 Sublimation of Blood     Necr           15%        N/A       6%          2
 Passwall                 Tmut/Erth      8%         N/A       10%         2
 Cigotuvi's Dreadful Rot  Necr/Pois/Air  16%        N/A       12%         2
 Portal Projectile        Hex/Tloc       14%        N/A       26%         3
 Leda's Liquefaction      Hex/Erth       6%         N/A       43%         4
 Fireball                 Conj/Fire      6%         3d5       78%         5
 Blade Hands              Tmut           2%         N/A       97%         5
 Starburst                Conj/Fire      6%         6d4       100%        6

Inventory:

Hand Weapons
 a - a +1 dagger (weapon) {short}
Armour
 b - a +0 pair of boots
   (You found it on level 3 of the Dungeon)
 c - a +0 robe (worn)
 d - a +0 cloak
 n - a +0 pair of gloves (worn)
   (You found it on level 2 of the Dungeon)
 q - a +1 cloak of poison resistance (worn)
   (You found it on level 2 of the Dungeon)
Jewellery
 f - a ring of poison resistance (left hand)
   (You found it on level 1 of the Dungeon)
 h - an amulet of the acrobat
   (You found it on level 1 of the Dungeon)
 k - an amulet of reflection
   (You found it on level 3 of the Dungeon)
Scrolls
 g - 3 scrolls of enchant weapon
 l - a scroll of blinking {unknown}
 m - a scroll of poison
Potions
 i - 3 potions of curing {@q1}
 j - a potion of brilliance
 o - 2 potions of might {unknown}
 p - a potion of heal wounds {unknown}
 r - a potion of ambrosia {unknown}

Dungeon Overview and Level Annotations

Branches:
Dungeon (3/15) Zot: 14699

Altars:

Annotations:
D:3 Grinder, Robin

#.....### #### ####### ...#
...# ...# #### #############
...##########..###..)#..#..#.#
####.............###...##.##.#
#.......##......###.^..#..#
####......###'#.@5...###†...##
.....>....###)###......###†..#
............#...###......###.#
..........#.###...###......#'#
#.........#.#.###...###......#
#.........#.#...##..##......##
#######.#.#.###....##......##
........#.#.#.##..##......##
######..#...#....##......##


You could see Grinder (weak-willed).


Message History

You lost 1 mp, and now have 10/11 mp.
The blast of sand hits Natasha.
Natasha stares at you and mumbles some strange words.
The magic dart hits you but does no damage. 😎 MP[-1]
You lost 1 mp, and now have 9/11 mp.
The blast of sand hits Natasha.
Natasha casts a spell. 😎 MP[-1]
You lost 1 mp, and now have 8/11 mp.
The blast of sand hits Natasha.
You kill Natasha!
Natasha yowls pathetically as she dies!
The iron imp disappears in a puff of smoke!
Your Spellcasting skill increases to level 4!
Your Hexes skill increases to level 1! 😎 MP[-1]
You can't see any susceptible monsters within range! (Use Z to cast anyway.)
You see here the felid corpse of Natasha.
Key pressed, stopping explore.
There is a stone staircase leading down here.
Key pressed, stopping explore.
You see here a +0 leather armour.
g - 3 scrolls of enchant weapon (gained 1)
You now have 128 gold pieces (gained 14).
You open the door.
There is an open door here.
Things that are here:
a +0 scale mail; a +0 dagger {short}; a +0 sling
There is an open door here.
You see here a +0 ring mail.
r - a green potion 😎 MP[+5]
Your mp is fully restored (12).
Okay, then.
There is an open door here.
A bat and a frilled lizard come into view.
There are monsters nearby!
The blast of sand hits the frilled lizard!
You kill the frilled lizard! 😎 MP[-1]
You lost 1 mp, and now have 11/12 mp.
The blast of sand hits the bat!
You kill the bat! 😎 MP[-1]
You lost 1 mp, and now have 10/12 mp.
You can't see any susceptible monsters within range! (Use Z to cast anyway.)
There is a shaft here.
o - 2 black potions (gained 1)
There is a shaft here.
You see here a bat corpse.
Key pressed, stopping explore.
You now have 136 gold pieces (gained 8).
There is an open door here.
A ball python comes into view.
The ball python hisses angrily. 😎 MP[+2]
Your mp is fully restored (12).
A ball python is nearby!
A ball python is nearby!
The blast of sand hits the ball python.
You kill the ball python! 😎 MP[-1]
You lost 1 mp, and now have 11/12 mp.
You can't see any susceptible monsters within range! (Use Z to cast anyway.) 2 goblins come into view. 😎 MP[+1]
Your mp is fully restored (12).
Robin and 5 goblins come into view.
A goblin is wielding a +2 dagger of draining.
Grinder shouts!
You hear a shout! x2
Grinder gestures at you.
You suddenly lose the ability to move!
You can move again.
Grinder gestures at you. Pain shoots through your body!
Ouch! That really hurt!
* * * LOW HITPOINT WARNING * * *
😨 HP[-12]
You take 12 damage, and now have 12/24 hp.
MASSIVE DAMAGE!! (PAUSE) Grinder gestures at you.
You shrug off the repeated paralysis! 😮 HP[+1] Unknown command. 😮 HP[+1] Grinder blinks!
Grinder gestures at you. Pain shoots through your body!
* * * LOW HITPOINT WARNING * * *
😱 HP[-8]
You take 8 damage, and now have 6/24 hp.
MASSIVE DAMAGE!! (PAUSE)
Okay, then.
As you read the scroll labelled OMOTIOGU KUEMU, it crumbles to dust.
Magic quickly surges around you.
It was a scroll of vulnerability.
Grinder hits you.
* * * LOW HITPOINT WARNING * * *
You writhe in agony.
You die...

Skill      XL: |  1  2  3  4 |
---------------+-------------+-----
Spellcasting   | 2 3 4 |  4.1
Fire Magic     | 1 2 |  2.4
Conjurations   | 1 |  1.7
Hexes          | 1 |  1.3
Armour         | |  1.0
Dodging        | |  1.2
Stealth        | |  3.6
Necromancy     | |  2.4
Earth Magic    | |  2.6

Action                     |  1- 3 |  4- 6 || total
---------------------------+-------+-------++-------
  Melee: Dagger            |     3 |     1 ||     4
         Unarmed           |     3 |       ||     3
   Cast: Sandblast         |    55 |    39 ||    94
         Foxfire           |     6 |     5 ||    11
    Use: Potion            |     1 |     2 ||     3
         Scroll            |     2 |     5 ||     7
 Armour: Robe              |    13 |     8 ||    21
         Skin              |     2 |       ||     2
  Dodge: Dodged            |    25 |    12 ||    37

Levels and vault maps discovered:
D:1:      dpeg_arrival_arbitrary_a, layout_basic
D:2:      layout_loops_cross, shapermc_ecumenical_altar_gd
D:3:      minmay_razor_zed, layout_basic, uniq_robin, uniq_natasha, uniq_grinder

Notes
Turn   | Place    | Note
-------+----------+-------------------------------------------
     0 | D:1      | MackTheKnife the Deep Elf Wanderer began the quest for the
                  | Orb.
     0 | D:1      | MackTheKnife set off with the following items: a +0 dagger
                  | {short}, a potion of lignification {!q}, a +0 robe, a +0
                  | cloak; and the following spell memorised: Sandblast; and
                  | the following spells available to memorise: Sublimation of
                  | Blood, Passwall, Cigotuvi's Dreadful Rot, Leda's
                  | Liquefaction.
     0 | D:1      | Reached XP level 1. HP: 10/10 MP: 5/5
     0 | D:1      | magus.rc [v1.9.6]
    93 | D:1      | Reached skill level 2 in Spellcasting
   119 | D:1      | You pick up a book of Fire and begin reading...
   119 | D:1      | You add the spells Foxfire, Fireball and Starburst to your
                  | library.
   125 | D:1      | Learned a level 1 spell: Foxfire
   239 | D:1      | Reached XP level 2. HP: 11/15 MP: 4/7
   422 | D:1      | magus.rc [v1.9.6]
   500 | D:1      | Reached skill level 1 in Fire Magic
   906 | D:1      | Reached XP level 3. HP: 19/19 MP: 7/9
  1428 | D:2      | Reached skill level 3 in Spellcasting
  1672 | D:2      | Reached skill level 1 in Conjurations
  1743 | D:2      | Reached skill level 2 in Fire Magic
  1895 | D:2      | Reached XP level 4. HP: 24/24 MP: 9/11
  2042 | D:2      | Found a faded altar of an unknown god.
  2443 | D:3      | You pick up a book of Weapons and begin reading...
  2443 | D:3      | You add the spells Tukima's Dance, Portal Projectile and
                  | Blade Hands to your library.
  2776 | D:3      | Noticed Grinder
  2776 | D:3      | Paralysed by Grinder for 3 turns
  2786 | D:3      | HP: 5/24 [Grinder/nerve-wracking pain (12)]
  2886 | D:3      | Learned a level 3 spell: Tukima's Dance
  2995 | D:3      | Noticed Natasha
  3000 | D:3      | Killed Natasha
  3001 | D:3      | Reached skill level 4 in Spellcasting
  3001 | D:3      | Reached skill level 1 in Hexes
  3248 | D:3      | Noticed Robin
  3255 | D:3      | Paralysed by Grinder for 4 turns
  3268 | D:3      | HP: 6/24 [Grinder/nerve-wracking pain (8)]
  3269 | D:3      | HP: 2/24 [Grinder (5)]
  3269 | D:3      | Slain by Grinder

Vanquished Creatures
  Natasha (D:3)
  3 adders (D:2)
  A worm (D:2)
  4 dart slugs
  2 orcs (D:3)
  9 bats
  5 endoplasms
  5 giant cockroaches
  3 goblins
  3 hobgoblins
  5 jackals
  3 kobolds (D:1)
  2 quokkas
  12 ball pythons
  5 frilled lizards
  5 rats (D:1)
68 creatures vanquished.

Vanquished Creatures (others)
  3 demonic plants (D:2)
  14 foxfires
  5 fungi (D:2)
  2 plants (D:2)
  2 withered plants (D:2)
26 creatures vanquished.

Grand Total: 94 creatures vanquished

Table legend:
 A = Non-vault XP
 B = Vault XP
 C = Vault XP percentage of total XP
 D = Non-vault monster count
 E = Vault monster count
 F = Vault count percentage of total count
                 A         B        C        D         E       F
            +---------+---------+-------+---------+---------+-------
      Total |     146 |      41 |  21.9 |      63 |       5 |   7.4
            +---------+---------+-------+---------+---------+-------
        D:1 |      48 |       0 |   0.0 |      31 |       0 |   0.0
        D:2 |      74 |       0 |   0.0 |      20 |       0 |   0.0
        D:3 |      24 |      41 |  63.1 |      12 |       5 |  29.4
            +---------+---------+-------+---------+---------+-------

Illustrated notes

Table legend:
 A = Kills in this place as a percentage of kills in entire the game.
 B = Kills by you in this place as a percentage of kills by you in the entire game.
 C = Kills by friends in this place as a percentage of kills by friends in the entire game.
 D = Other kills in this place as a percentage of other kills in the entire game.
 E = Experience gained in this place as a percentage of experience gained in the entire game.
 F = Experience gained in this place divided by the number of levels of this place that you have seen.
                   A       B       C       D       E      F
               +-------+-------+-------+-------+-------+----------------------
         Total | 100.0 | 100.0 |   N/A |   N/A | 100.0 |  62.3
       Dungeon | 100.0 | 100.0 |   N/A |   N/A | 100.0 |  62.3
               +-------+-------+-------+-------+-------+----------------------

Table legend: (Time is in decaauts)
 A = Elapsed time spent in this place.
 B = Non-inter-level travel time spent in this place.
 C = Inter-level travel time spent in this place.
 D = Time resting spent in this place.
 E = Time spent auto-exploring this place.
 F = Levels seen in this place.
 G = Mean time per level.
                   A        B        C        D        E       F      G
               +--------+--------+--------+--------+--------+-----+--------+
         Total |   3299 |   3230 |     69 |    274 |   2491 |   3 | 1099.7 |
       Dungeon |   3299 |   3230 |     69 |    274 |   2491 |   3 | 1099.7 |
               +--------+--------+--------+--------+--------+-----+--------+

Top non-repeatable levels by time:
     D:1: 1438 daAuts
     D:2: 1016 daAuts
     D:3: 845 daAuts
